DBL
CHICAGO CUBS @ ST. LOUIS CARDINALS
07/09/1997
 
TOP OF THE 1ST
Chicago Cubs batting - Pitching for St. Louis Cardinals : RHP Francisco Cordova
Pitching: RHP Francisco Cordova
Batting: LHB Trot Nixon 0-0: Swinging Strike
0-1: Ball
1-1: Ball
2-1: Swinging Strike
2-2: Ball
3-2: SINGLE (Groundball, 56D, EV 108.1 MPH)
Batting: RHB Mike Piazza 0-0: Foul Ball, location: 2F
0-1: Ball
1-1: Bunt missed!
1-2: Foul Ball, location: 2F
1-2: Foul Ball, location: 2F
1-2: Foul Ball, location: 2F
1-2: Ball
2-2: SINGLE (Groundball, 4MD, EV 103.8 MPH)
Trot Nixon to second
Batting: LHB Dan Pasqua 0-0: Ball
1-0: Swinging Strike
1-1: Ball
2-1: Swinging Strike
2-2: 3-RUN HOME RUN (Flyball, 89XD, EV 95.6 MPH), Distance : 441 ft
Batting: LHB Phil Plantier 0-0: Called Strike
0-1: Ball
1-1: Fly out, F6 (Popup, 6MD, EV 53.1 MPH)
Batting: LHB Scott Cooper 0-0: Foul Ball, location: 2F
0-1: Ball
1-1: SOLO HOME RUN (Flyball, 9LD, EV 101.9 MPH), Distance : 355 ft
Batting: RHB Craig Shipley 0-0: Ball
1-0: Ball
2-0: Foul Ball, location: 2F
2-1: Ball
3-1: Foul Ball, location: 2F
3-2: Strikes out swinging
Batting: RHB Jeff Cirillo 0-0: Called Strike
0-1: Foul Ball, location: 2F
0-2: Ball
1-2: Strikes out swinging
Top of the 1st over - 4 runs, 4 hits, 0 errors, 0 left on base; Chicago 4 - St. Louis 0
BOTTOM OF THE 1ST
St. Louis Cardinals batting - Pitching for Chicago Cubs : RHP Mike Dunne
Pitching: RHP Mike Dunne
Batting: SHB Gerald Young 0-0: Called Strike
0-1: Fly out, F8 (Flyball, 8RD, EV 88.8 MPH)
Batting: SHB Stan Javier 0-0: Called Strike
0-1: Ball
1-1: Swinging Strike
1-2: Ball
2-2: SINGLE (Groundball, 56, EV 92.5 MPH) (infield hit)
Batting: LHB Brian S Giles 0-0: Called Strike
Stan Javier steals 2nd base (no throw)
0-1: Ball
1-1: Ball
2-1: Ball
Wild Pitch!
Stan Javier to third
3-1: Base on Balls
Batting: RHB Ivan Calderon 0-0: Ball
1-0: Called Strike
1-1: Ball
2-1: Ball
3-1: Ground out 3-1 (Groundball, 34S, EV 81.3 MPH)
Stan Javier scores
Brian S Giles to second
Batting: LHB Karim Garcia 0-0: Foul Ball, location: 2F
0-1: Foul Ball, location: 2F
0-2: Fly out, F8 (Line Drive, 8LM, EV 85.0 MPH)
Bottom of the 1st over - 1 run, 1 hit, 0 errors, 1 left on base; Chicago 4 - St. Louis 1
TOP OF THE 2ND
Chicago Cubs batting - Pitching for St. Louis Cardinals : RHP Francisco Cordova
Batting: RHB Chris Hoiles 0-0: Swinging Strike
0-1: Swinging Strike
0-2: Foul Ball, location: 2F
0-2: Foul Ball, location: 2F
0-2: Fly out, F6 (Popup, 6M, EV 58.8 MPH)
Batting: LHB Rich Becker 0-0: Foul Ball, location: 2F
0-1: Foul Ball, location: 2F
0-2: Foul Ball, location: 2F
0-2: Fly out, F8 (Flyball, 8RS, EV 70.0 MPH)
Batting: LHB Trot Nixon 0-0: Ball
1-0: SINGLE (Line Drive, 34, EV 93.8 MPH)
Batting: RHB Mike Piazza 0-0: Fly out, F9 (Flyball, 9S, EV 89.4 MPH)
Top of the 2nd over - 0 runs, 1 hit, 0 errors, 1 left on base; Chicago 4 - St. Louis 1
BOTTOM OF THE 2ND
St. Louis Cardinals batting - Pitching for Chicago Cubs : RHP Mike Dunne
Batting: RHB John Valentin 0-0: Ball
1-0: Ball
2-0: DOUBLE (Line Drive, 7LS, EV 96.9 MPH)
Batting: RHB Dan Wilson 0-0: Ground out 5-3 (Groundball, 56, EV 105.6 MPH)
Batting: RHB Mike Lansing 0-0: Ball
1-0: Swinging Strike
1-1: Foul Ball, location: 2F
1-2: Ball
2-2: Ground out 5-3 (Groundball, 5S, EV 86.3 MPH)
Batting: RHB Mike Benjamin 0-0: Ball
1-0: SINGLE (Groundball, 6D, EV 108.1 MPH)
John Valentin to third
Runner from 3rd tries for Home, SAFE, throw by LF to home
Batting: SHB Gerald Young 0-0: Ball
1-0: Ball
2-0: Called Strike
2-1: Ball
3-1: Swinging Strike
3-2: Base on Balls
Mike Benjamin to second
Batting: SHB Stan Javier 0-0: Ball
1-0: Foul Ball, location: 2F
1-1: Ball
2-1: Fly out, F9 (Flyball, 9LS, EV 87.5 MPH)
Bottom of the 2nd over - 1 run, 2 hits, 0 errors, 2 left on base; Chicago 4 - St. Louis 2
TOP OF THE 3RD
Chicago Cubs batting - Pitching for St. Louis Cardinals : RHP Francisco Cordova
Batting: LHB Dan Pasqua 0-0: Ball
1-0: Called Strike
1-1: Ball
2-1: DOUBLE (Line Drive, 78D, EV 106.3 MPH)
Batting: LHB Phil Plantier 0-0: Foul Ball, location: 2F
0-1: Foul Ball, location: 2F
0-2: Foul Ball, location: 2F
0-2: Fly out, F8 (Flyball, 78M, EV 93.8 MPH)
Batting: LHB Scott Cooper 0-0: Ball
1-0: Fly out, F8 (Flyball, 8LM, EV 83.8 MPH)
Batting: RHB Craig Shipley 0-0: DOUBLE (Line Drive, 9LM, EV 89.4 MPH)
Dan Pasqua scores
Batting: RHB Jeff Cirillo 0-0: Ball
1-0: Ball
2-0: Swinging Strike
2-1: Ball
3-1: Base on Balls
Pitching: RHP Rusty Meacham
Batting: RHB Chris Hoiles 0-0: Ball
1-0: Foul Ball, location: 2F
1-1: Ball
2-1: Swinging Strike
2-2: Foul Ball, location: 2F
2-2: Foul Ball, location: 2F
2-2: Strikes out swinging
Top of the 3rd over - 1 run, 2 hits, 0 errors, 2 left on base; Chicago 5 - St. Louis 2
BOTTOM OF THE 3RD
St. Louis Cardinals batting - Pitching for Chicago Cubs : RHP Mike Dunne
Batting: LHB Brian S Giles 0-0: Ball
1-0: Called Strike
1-1: Ball
2-1: Ball
3-1: Called Strike
3-2: Base on Balls
Batting: RHB Ivan Calderon 0-0: Ball
1-0: Ball
2-0: Called Strike
2-1: SINGLE (Groundball, 56D, EV 102.5 MPH)
Brian S Giles to second
Batting: LHB Karim Garcia 0-0: Fielders Choice at 2nd, 5-4 (Groundball, 5, EV 102.5 MPH)
Brian S Giles to third
Batting: RHB John Valentin 0-0: Called Strike
0-1: Ball
1-1: Ball
2-1: Swinging Strike
2-2: Ball
3-2: Foul Ball, location: 2F
3-2: DOUBLE (Line Drive, 89XD, EV 106.3 MPH)
Brian S Giles scores
Karim Garcia to third
Karim Garcia scores
Batting: RHB Dan Wilson 0-0: Swinging Strike
0-1: Ball
1-1: Ball
2-1: Swinging Strike
2-2: SINGLE (Groundball, 34D, EV 94.4 MPH)
John Valentin to third
Runner from 3rd tries for Home, SAFE, no throw by RF
Batting: RHB Mike Lansing 0-0: Called Strike
0-1: Fielders Choice at 2nd, 4-6 (Groundball, 4, EV 85.6 MPH)
Batting: RHB Mike Benjamin 0-0: Swinging Strike
0-1: DOUBLE (Line Drive, 89M, EV 107.5 MPH)
Mike Lansing to third
Runner from 3rd tries for Home, SAFE, no throw by RF
Batting: SHB Gerald Young 0-0: Ball
1-0: Ball
2-0: SINGLE (Groundball, 4M, EV 97.5 MPH)
Mike Benjamin to third
Runner from 3rd tries for Home, SAFE, throw by CF to home
Batting: SHB Stan Javier 0-0: Ball
1-0: Called Strike
Gerald Young steals 2nd base
1-1: Ball
2-1: Fly out, F8 (Flyball, 8LM, EV 91.9 MPH)
Bottom of the 3rd over - 5 runs, 5 hits, 0 errors, 1 left on base; Chicago 5 - St. Louis 7
TOP OF THE 4TH
Chicago Cubs batting - Pitching for St. Louis Cardinals : RHP Rusty Meacham
Batting: LHB Rich Becker 0-0: Ball
1-0: Ball
2-0: Called Strike
2-1: Foul Ball, location: 2F
2-2: Ball
3-2: Foul Ball, location: 2F
3-2: Foul Ball, location: 2F
3-2: Foul Ball, location: 2F
3-2: Strikes out swinging
Batting: LHB Trot Nixon 0-0: Foul Ball, location: 2F
0-1: Fly out, F7 (Flyball, 7LM, EV 96.3 MPH)
Batting: RHB Mike Piazza 0-0: Ball
1-0: SINGLE (Line Drive, 3D, EV 105.0 MPH)
Batting: LHB Dan Pasqua 0-0: Ball
1-0: Foul Ball, location: 2F
1-1: Ball
2-1: Ball
3-1: Swinging Strike
3-2: Foul Ball, location: 2F
Balk!
Mike Piazza to second
3-2: Base on Balls
Batting: LHB Phil Plantier 0-0: Called Strike
0-1: Fly out, F8 (Flyball, 8RD, EV 102.5 MPH)
Top of the 4th over - 0 runs, 1 hit, 0 errors, 2 left on base; Chicago 5 - St. Louis 7
BOTTOM OF THE 4TH
St. Louis Cardinals batting - Pitching for Chicago Cubs : RHP Mike Dunne
Batting: LHB Brian S Giles 0-0: Ball
1-0: Foul Ball, location: 2F
1-1: Fly out, F6 (Popup, 6MD, EV 55.6 MPH)
Batting: RHB Ivan Calderon 0-0: SINGLE (Line Drive, 89S, EV 93.8 MPH)
Batting: LHB Karim Garcia 0-0: Called Strike
0-1: Ball
1-1: Ball
2-1: DOUBLE (Line Drive, 3D, EV 97.5 MPH)
Ivan Calderon to third
Runner from 3rd tries for Home, throw by RF and OUT! 9-4-2
Karim Garcia to third
Batting: RHB John Valentin 0-0: Ball
1-0: Called Strike
1-1: Ball
2-1: Ball
3-1: Fly out, F9 (Flyball, 9LMF, EV 73.1 MPH)
Bottom of the 4th over - 0 runs, 2 hits, 0 errors, 1 left on base; Chicago 5 - St. Louis 7
TOP OF THE 5TH
Chicago Cubs batting - Pitching for St. Louis Cardinals : RHP Rusty Meacham
Batting: LHB Scott Cooper 0-0: Ball
1-0: Foul Ball, location: 2F
1-1: Fly out, F9 (Flyball, 9LS, EV 85.6 MPH)
Batting: RHB Craig Shipley 0-0: Called Strike
0-1: Ball
1-1: Foul Ball, location: 2F
1-2: Ball
2-2: Foul Ball, location: 2F
2-2: Ground out 4-3 (Groundball, 4, EV 106.3 MPH)
Pitching: LHP Randy Myers
Batting: RHB Jeff Cirillo 0-0: Ball
1-0: Ball
2-0: Foul Ball, location: 2F
2-1: Ball
3-1: SINGLE (Groundball, 56D, EV 98.1 MPH)
Batting: RHB Chris Hoiles 0-0: Ball
1-0: Foul Ball, location: 2F
1-1: Swinging Strike
1-2: Foul Ball, location: 2F
1-2: Strikes out swinging
Top of the 5th over - 0 runs, 1 hit, 0 errors, 1 left on base; Chicago 5 - St. Louis 7
BOTTOM OF THE 5TH
St. Louis Cardinals batting - Pitching for Chicago Cubs : RHP Mike Dunne
Batting: RHB Dan Wilson 0-0: Swinging Strike
0-1: Swinging Strike
0-2: Strikes out looking
Batting: RHB Mike Lansing 0-0: Ball
1-0: Ball
2-0: Ball
3-0: Called Strike
3-1: Base on Balls
Batting: RHB Mike Benjamin 0-0: Called Strike
0-1: Ball
1-1: Called Strike
1-2: Foul Ball, location: 2F
1-2: Foul Ball, location: 2F
1-2: Fly out, F8 (Flyball, 89D, EV 76.9 MPH)
Batting: SHB Gerald Young Balk!
Mike Lansing to second
0-0: Called Strike
0-1: Ball
1-1: Ball
2-1: Foul Ball, location: 2F
2-2: Ball
3-2: Ground out 3-1 (Groundball, 34, EV 98.8 MPH)
Bottom of the 5th over - 0 runs, 0 hits, 0 errors, 1 left on base; Chicago 5 - St. Louis 7
TOP OF THE 6TH
Chicago Cubs batting - Pitching for St. Louis Cardinals : LHP Randy Myers
Batting: LHB Rich Becker 0-0: Ball
1-0: Called Strike
1-1: Swinging Strike
1-2: Strikes out looking
Batting: LHB Trot Nixon 0-0: Ball
1-0: Called Strike
1-1: Ball
2-1: Swinging Strike
2-2: Fly out, F8 (Flyball, 8LD, EV 98.1 MPH)
Batting: RHB Mike Piazza 0-0: Ball
1-0: Called Strike
1-1: Called Strike
1-2: Foul Ball, location: 2F
1-2: Foul Ball, location: 2F
1-2: Ball
2-2: SOLO HOME RUN (Flyball, 7D, EV 101.3 MPH), Distance : 400 ft
Batting: LHB Dan Pasqua 0-0: Ball
1-0: SOLO HOME RUN (Flyball, 9D, EV 98.8 MPH), Distance : 374 ft
Batting: LHB Phil Plantier 0-0: Called Strike
0-1: Swinging Strike
0-2: Foul Ball, location: 2F
0-2: Strikes out swinging
Top of the 6th over - 2 runs, 2 hits, 0 errors, 0 left on base; Chicago 7 - St. Louis 7
BOTTOM OF THE 6TH
St. Louis Cardinals batting - Pitching for Chicago Cubs : RHP Mike Dunne
Batting: SHB Stan Javier 0-0: Ball
1-0: Ground out 4-3 (Groundball, 34, EV 98.1 MPH)
Batting: LHB Brian S Giles 0-0: Ball
1-0: Foul Ball, location: 2F
1-1: Foul Ball, location: 2F
1-2: Fly out, F7 (Line Drive, 7, EV 108.1 MPH)
Batting: RHB Ivan Calderon 0-0: Ball
1-0: Ball
2-0: DOUBLE (Line Drive, 7LS, EV 111.9 MPH)
Pinch Runner at 2nd Mo Vaughn:
Batting: LHB Karim Garcia 0-0: Ball
1-0: Called Strike
1-1: Ground out 4-3 (Groundball, 4D, EV 101.3 MPH)
Bottom of the 6th over - 0 runs, 1 hit, 0 errors, 1 left on base; Chicago 7 - St. Louis 7
TOP OF THE 7TH
Chicago Cubs batting - Pitching for St. Louis Cardinals : LHP Randy Myers
Pitching: LHP Dana Allison
Batting: LHB Scott Cooper 0-0: Ball
1-0: Ball
2-0: Fly out, F8 (Line Drive, 8LM, EV 88.1 MPH)
Batting: RHB Craig Shipley 0-0: Called Strike
0-1: Foul Ball, location: 2F
0-2: SOLO HOME RUN (Flyball, 78XD, EV 90.6 MPH), Distance : 399 ft
Batting: RHB Jeff Cirillo 0-0: Called Strike
0-1: Ball
1-1: Fly out, F7 (Flyball, 78D, EV 94.4 MPH)
Batting: RHB Chris Hoiles 0-0: Ball
1-0: Fly out, F7 (Line Drive, 7D, EV 90.0 MPH)
Top of the 7th over - 1 run, 1 hit, 0 errors, 0 left on base; Chicago 8 - St. Louis 7
BOTTOM OF THE 7TH
St. Louis Cardinals batting - Pitching for Chicago Cubs : RHP Mike Dunne
Pitching: LHP Mike Holtz
Batting: RHB John Valentin 0-0: Ball
1-0: Foul Ball, location: 2F
1-1: Ball
2-1: Called Strike
2-2: Ball
3-2: Foul Ball, location: 2F
3-2: Base on Balls
Batting: RHB Dan Wilson 0-0: Ball
1-0: Foul Ball, location: 2F
1-1: SINGLE (Groundball, 4D, EV 106.3 MPH)
John Valentin to second
Runner from 2nd tries for 3rd, SAFE, throw by CF made to third
Batting: RHB Mike Lansing 0-0: Called Strike
0-1: 3-RUN HOME RUN (Flyball, 78XD, EV 90.6 MPH), Distance : 396 ft
Pitching: RHP Mike Schooler
Batting: RHB Mike Benjamin 0-0: Ball
1-0: Called Strike
1-1: Ball
2-1: Foul Ball, location: 2F
2-2: Foul Ball, location: 2F
2-2: Ball
3-2: Base on Balls
Batting: SHB Gerald Young 0-0: Foul Ball, location: 2F
0-1: DOUBLE (Line Drive, 89M, EV 103.8 MPH)
Mike Benjamin to third
Runner from 3rd tries for Home, SAFE, no throw by RF
Batting: SHB Stan Javier 0-0: Ball
1-0: Ball
Gerald Young steals 3rd base
2-0: Ground out 1-3 (Groundball, 13, EV 88.1 MPH)
Batting: LHB Brian S Giles 0-0: Called Strike
0-1: Foul Ball, location: 2F
0-2: Foul Ball, location: 2F
0-2: Ball
1-2: Ball
2-2: Foul Ball, location: 2F
2-2: SINGLE (Line Drive, 9LS, EV 100.0 MPH)
Gerald Young scores
Pitching: RHP Dana Kiecker
Batting: LHB Mo Vaughn 0-0: Called Strike
0-1: Called Strike
0-2: Foul Ball, location: 2F
0-2: Ball
1-2: Foul Ball, location: 2F
1-2: Ball
2-2: Ball
3-2: Base on Balls
Brian S Giles to second
Batting: LHB Karim Garcia 0-0: Ball
1-0: Swinging Strike
1-1: Ball
2-1: Fly out, F9 (Flyball, 9, EV 89.4 MPH)
Batting: RHB John Valentin 0-0: Ball
1-0: Called Strike
1-1: Ball
2-1: SINGLE (Line Drive, 6M, EV 95.6 MPH)
Brian S Giles to third
Mo Vaughn to second
Runner from 3rd tries for Home, SAFE, throw by CF to home
Batting: RHB Dan Wilson 0-0: Called Strike
0-1: Ball
1-1: Called Strike
1-2: DOUBLE (Line Drive, 78D, EV 114.4 MPH)
Mo Vaughn scores
John Valentin to third
Runner from 3rd tries for Home, SAFE, no throw by CF
Batting: RHB Mike Lansing 0-0: Ball
1-0: Ground out 6-3 (Groundball, 6, EV 104.4 MPH)
Bottom of the 7th over - 8 runs, 6 hits, 0 errors, 1 left on base; Chicago 8 - St. Louis 15
TOP OF THE 8TH
Chicago Cubs batting - Pitching for St. Louis Cardinals : LHP Dana Allison
Batting: LHB Rich Becker 0-0: Called Strike
0-1: Ball
1-1: Swinging Strike
1-2: Ball
2-2: Strikes out looking
Pinch Hitting: RHB Randy Velarde 0-0: Called Strike
0-1: Ball
1-1: Swinging Strike
1-2: Foul Ball, location: 2F
1-2: Strikes out looking
Pinch Hitting: RHB Jeff Frye 0-0: Ball
1-0: Reached on error, E2 (Groundball, 15S, EV 64.4 MPH)
Batting: LHB Dan Pasqua 0-0: Called Strike
0-1: Fly out, F9 (Line Drive, 9D, EV 104.4 MPH)
Top of the 8th over - 0 runs, 0 hits, 1 error, 1 left on base; Chicago 8 - St. Louis 15
BOTTOM OF THE 8TH
St. Louis Cardinals batting - Pitching for Chicago Cubs : RHP Dana Kiecker
Now at 2B: Randy Velarde
Now in RF: Bob Brower
Batting: RHB Mike Benjamin 0-0: Called Strike
0-1: Ball
1-1: Ball
2-1: Swinging Strike
2-2: Strikes out looking
Batting: SHB Gerald Young 0-0: Ball
1-0: Swinging Strike
1-1: Ball
2-1: Ball
3-1: Foul Ball, location: 2F
3-2: Base on Balls
Batting: SHB Stan Javier 0-0: Ball
1-0: Ball
2-0: 2-RUN HOME RUN (Flyball, 9D, EV 107.5 MPH), Distance : 361 ft
Batting: LHB Brian S Giles 0-0: Ball
1-0: Called Strike
1-1: Called Strike
1-2: Ball
2-2: Ball
3-2: Ground out 4-3 (Groundball, 4M, EV 100.0 MPH)
Batting: LHB Mo Vaughn 0-0: Ball
1-0: Ball
2-0: Ball
3-0: Fly out, F2 (Popup, 2R, EV 87.5 MPH)
Bottom of the 8th over - 2 runs, 1 hit, 0 errors, 0 left on base; Chicago 8 - St. Louis 17
TOP OF THE 9TH
Chicago Cubs batting - Pitching for St. Louis Cardinals : LHP Dana Allison
Pitching: LHP Vince Horsman
Batting: LHB Phil Plantier 0-0: Foul Ball, location: 2F
0-1: Called Strike
0-2: Foul Ball, location: 2F
0-2: Ball
1-2: Strikes out looking
Batting: LHB Scott Cooper 0-0: Called Strike
0-1: Ground out 4-3 (Groundball, 4, EV 98.1 MPH)
Batting: RHB Craig Shipley 0-0: Ball
1-0: Called Strike
1-1: Fly out, F7 (Line Drive, 7D, EV 90.0 MPH)
Top of the 9th over - 0 runs, 0 hits, 0 errors, 0 left on base; Chicago 8 - St. Louis 17
Friday, March 6th, 2026 - OOTP Baseball 20.8 Build 74